TOP OF THE 1ST |
Topeka Tornados batting - Pitching for Louisville Bats : LHP Juan Espinosa
|
Pitching: LHP Juan Espinosa
|
|
Batting: SHB Javier Peña
|
0-0: Called Strike 0-1: Foul Ball, location: 2F 0-2: Ball 1-2: Ground out 6-3 (Groundball, 6)
|
Batting: LHB Edward Rose
|
0-0: Called Strike 0-1: Ball 1-1: Ball 2-1: Called Strike 2-2: Ball 3-2: Foul Ball, location: 2F 3-2: Foul Ball, location: 2F 3-2: SINGLE (Line Drive, 8LS)
|
Batting: RHB Desi Thompson
|
0-0: Called Strike 0-1: Called Strike 0-2: Ball 1-2: Foul Ball, location: 2F 1-2: Ball 2-2: Strikes out swinging
|
Batting: RHB Ed Watkins
|
0-0: Ball 1-0: DOUBLE (Line Drive, 8LXD) Edward Rose to third
|
Batting: LHB Bill Frazier
|
0-0: Ball 1-0: Called Strike 1-1: Foul Ball, location: 2F 1-2: Ball 2-2: Ground out 4-3 (Groundball, 4)
|
Top of the 1st over - 0 run(s), 2 hit(s), 0 error(s), 2 left on base; Topeka 0 - Louisville 0 |
BOTTOM OF THE 1ST |
Louisville Bats batting - Pitching for Topeka Tornados : RHP José López
|
Pitching: RHP José López
|
|
Batting: LHB George Smith
|
0-0: Called Strike 0-1: Ball 1-1: Ball 2-1: Ball 3-1: Foul Ball, location: 2F 3-2: Fly out, F8 (Flyball, 8RS)
|
Batting: RHB Dick Slagboom
|
0-0: Ball 1-0: Ball 2-0: Foul Ball, location: 2F 2-1: Called Strike 2-2: Foul Ball, location: 2F 2-2: Ball 3-2: Base on Balls
|
Batting: RHB Eric Thompson
|
0-0: Called Strike 0-1: Foul Ball, location: 2F 0-2: Ball 1-2: Ground out 5-3 (Groundball, 5S) Dick Slagboom to second
|
Batting: LHB Mike Callahan
|
0-0: Swinging Strike 0-1: Ball 1-1: Ball 2-1: Foul Ball, location: 2F 2-2: Strikes out swinging
|
Bottom of the 1st over - 0 run(s), 0 hit(s), 0 error(s), 1 left on base; Topeka 0 - Louisville 0 |
TOP OF THE 2ND |
Topeka Tornados batting - Pitching for Louisville Bats : LHP Juan Espinosa
|
Batting: RHB Dave Henderson
|
0-0: Ball 1-0: Ball 2-0: Foul Ball, location: 2F 2-1: Foul Ball, location: 2F 2-2: Strikes out looking
|
Batting: RHB James Stevens
|
0-0: Ball 1-0: Called Strike 1-1: Ball 2-1: SINGLE (Line Drive, 6MD)
|
Batting: LHB Tom Robinson
|
0-0: Called Strike 0-1: Foul Ball, location: 2F 0-2: Ball 1-2: SINGLE (Groundball, 6D) James Stevens to second
|
Batting: RHB Dave Boom
|
0-0: Ball 1-0: SINGLE (Groundball, 6MD) James Stevens to third Tom Robinson to second
|
Batting: SHB Javier Peña
|
0-0: Called Strike 0-1: Ball 1-1: Fly out, F8 (Line Drive, 8LM) Runner from 3rd tags up, SCORES, throw made
|
Batting: LHB Edward Rose
|
0-0: Called Strike 0-1: Foul Ball, location: 2F 0-2: Ball 1-2: Ball 2-2: 3-RUN HOME RUN (Line Drive, 9D), Distance : 370 ft
|
Batting: RHB Desi Thompson
|
0-0: Swinging Strike 0-1: Called Strike 0-2: Strikes out swinging
|
Top of the 2nd over - 4 run(s), 4 hit(s), 0 error(s), 0 left on base; Topeka 4 - Louisville 0 |
BOTTOM OF THE 2ND |
Louisville Bats batting - Pitching for Topeka Tornados : RHP José López
|
Batting: RHB Enrico Ramos
|
0-0: Ball 1-0: Ball 2-0: Fly out, F6 (Popup, 6)
|
Batting: LHB Alex Henderson
|
0-0: Ball 1-0: Ball 2-0: Ball 3-0: Called Strike 3-1: Called Strike 3-2: Base on Balls
|
Batting: RHB John Denton
|
0-0: Called Strike 0-1: Called Strike 0-2: Strikes out swinging
|
Batting: LHB Jeff Forsyth
|
0-0: Ball 1-0: Ball 2-0: Ball 3-0: Base on Balls Alex Henderson to second
|
Batting: RHB Shawn Marshall
|
0-0: Foul Ball, location: 2F 0-1: Foul Ball, location: 2F 0-2: Fielders Choice at 2nd, 4-6 (Groundball, 4)
|
Bottom of the 2nd over - 0 run(s), 0 hit(s), 0 error(s), 1 left on base; Topeka 4 - Louisville 0 |
TOP OF THE 3RD |
Topeka Tornados batting - Pitching for Louisville Bats : LHP Juan Espinosa
|
Batting: RHB Ed Watkins
|
0-0: SINGLE (Line Drive, 4MD)
|
Batting: LHB Bill Frazier
|
0-0: Swinging Strike 0-1: Called Strike 0-2: Foul Ball, location: 2F 0-2: Strikes out swinging
|
Batting: RHB Dave Henderson
|
0-0: Called Strike 0-1: DOUBLE (Line Drive, 78M) Ed Watkins to third Runner from 3rd tries for Home, SAFE, throw made home
|
Batting: RHB James Stevens
|
0-0: Ball 1-0: Foul Ball, location: 2F 1-1: Ball 2-1: Ball 3-1: Fly out, F8 (Line Drive, 8RS)
|
Batting: LHB Tom Robinson
|
0-0: Ball 1-0: Called Strike 1-1: Ball 2-1: Foul Ball, location: 2F 2-2: Ball 3-2: Strikes out swinging
|
Top of the 3rd over - 1 run(s), 2 hit(s), 0 error(s), 1 left on base; Topeka 5 - Louisville 0 |
BOTTOM OF THE 3RD |
Louisville Bats batting - Pitching for Topeka Tornados : RHP José López
|
Batting: LHB George Smith
|
0-0: Fly out, F8 (Flyball, 8LS)
|
Batting: RHB Dick Slagboom
|
0-0: Ball 1-0: Ball 2-0: Ball 3-0: Base on Balls
|
Batting: RHB Eric Thompson
|
0-0: Called Strike 0-1: Ball 1-1: SINGLE (Groundball, 34D) Dick Slagboom to second Runner from 2nd tries for 3rd, SAFE, throw made to third
|
Batting: LHB Mike Callahan
|
0-0: Called Strike 0-1: Called Strike 0-2: Ball Eric Thompson steals 2nd base 1-2: Ball 2-2: Ball 3-2: Foul Ball, location: 2F 3-2: Foul Ball, location: 2F 3-2: Ground out 4-3 (Groundball, 4S) Dick Slagboom scores Eric Thompson to third
|
Batting: RHB Enrico Ramos
|
0-0: Ball 1-0: Ball 2-0: Ball 3-0: Called Strike 3-1: Foul Ball, location: 2F 3-2: Base on Balls
|
Batting: LHB Alex Henderson
|
0-0: Swinging Strike 0-1: Ball 1-1: Ball 2-1: Ball 3-1: Base on Balls Enrico Ramos to second
|
Batting: RHB John Denton
|
0-0: Ball 1-0: Swinging Strike 1-1: Foul Ball, location: 2F 1-2: Ball 2-2: Fly out, F4 (Flyball, 34D)
|
Bottom of the 3rd over - 1 run(s), 1 hit(s), 0 error(s), 3 left on base; Topeka 5 - Louisville 1 |
TOP OF THE 4TH |
Topeka Tornados batting - Pitching for Louisville Bats : LHP Juan Espinosa
|
Batting: RHB Dave Boom
|
0-0: Ball 1-0: SINGLE (Groundball, 56S) (infield hit)
|
Batting: SHB Javier Peña
|
0-0: Called Strike 0-1: Swinging Strike 0-2: Ball 1-2: Fly out, F5 (Popup, 5L)
|
Batting: LHB Edward Rose
|
0-0: Ball 1-0: Called Strike 1-1: Ball 2-1: Called Strike 2-2: Foul Ball, location: 2F 2-2: Foul Ball, location: 2F 2-2: DOUBLE (Flyball, 78XD) Dave Boom to third
|
Batting: RHB Desi Thompson
|
0-0: Ball 1-0: Swinging Strike 1-1: Ball 2-1: Foul Ball, location: 2F 2-2: DOUBLE (Line Drive, 78XD) Dave Boom scores Edward Rose scores
|
Pitching: LHP Dave Carbone
|
|
Batting: RHB Ed Watkins
|
0-0: Ball 1-0: Ball Desi Thompson steals 3rd base 2-0: DOUBLE (Groundball, 5L) Desi Thompson scores
|
Batting: LHB Bill Frazier
|
0-0: Ball 1-0: Foul Ball, location: 2F 1-1: Ball 2-1: Ball 3-1: SINGLE (Line Drive, 4D) Ed Watkins to third
|
Batting: RHB Dave Henderson
|
0-0: Ball 1-0: Ball 2-0: Fly out, F7 (Flyball, 7LM) Runner from 3rd tags up, OUT at HOME
|
Top of the 4th over - 3 run(s), 5 hit(s), 0 error(s), 1 left on base; Topeka 8 - Louisville 1 |
BOTTOM OF THE 4TH |
Louisville Bats batting - Pitching for Topeka Tornados : RHP José López
|
Batting: LHB Jeff Forsyth
|
0-0: Called Strike 0-1: Foul Ball, location: 2F 0-2: Foul Ball, location: 2F 0-2: SINGLE (Groundball, 6D)
|
Batting: RHB Shawn Marshall
|
0-0: Ball 1-0: Ground out 5-3 (Groundball, 56S) Jeff Forsyth to second
|
Batting: LHB George Smith
|
0-0: Ball Passed Ball! Jeff Forsyth to third 1-0: Foul Ball, location: 2F 1-1: Foul Ball, location: 2F 1-2: Foul Ball, location: 2F 1-2: Foul Ball, location: 2F 1-2: Ball 2-2: 2-RUN HOME RUN (Flyball, 78XD), Distance : 419 ft
|
Batting: RHB Dick Slagboom
|
0-0: Foul Ball, location: 2F 0-1: Foul Ball, location: 2F 0-2: Foul Ball, location: 2F 0-2: Ball 1-2: Ball 2-2: Ball 3-2: Ground out 5-3 (Groundball, 5)
|
Batting: RHB Eric Thompson
|
0-0: Called Strike 0-1: Ball 1-1: Called Strike 1-2: Ball 2-2: Ball 3-2: Reached on error, E5 (Groundball, 56)
|
Batting: LHB Mike Callahan
|
0-0: Ball 1-0: Called Strike 1-1: Called Strike 1-2: Ball 2-2: Ball 3-2: Foul Ball, location: 2F 3-2: Base on Balls
|
Pitching: LHP Jorge Ybarra
|
|
Batting: RHB Enrico Ramos
|
0-0: Swinging Strike 0-1: Ground out U3 (Groundball, 34)
|
Bottom of the 4th over - 2 run(s), 2 hit(s), 1 error(s), 2 left on base; Topeka 8 - Louisville 3 |
TOP OF THE 5TH |
Topeka Tornados batting - Pitching for Louisville Bats : LHP Dave Carbone
|
Batting: RHB James Stevens
|
0-0: Ball 1-0: Foul Ball, location: 2F 1-1: Foul Ball, location: 2F 1-2: Ball 2-2: Ball 3-2: Fly out, F5 (Line Drive, 56S)
|
Batting: LHB Tom Robinson
|
0-0: Fly out, F8 (Flyball, 8RD)
|
Batting: RHB Dave Boom
|
0-0: Ball 1-0: Foul Ball, location: 2F 1-1: Swinging Strike 1-2: Foul Ball, location: 2F 1-2: Strikes out swinging
|
Top of the 5th over - 0 run(s), 0 hit(s), 0 error(s), 0 left on base; Topeka 8 - Louisville 3 |
BOTTOM OF THE 5TH |
Louisville Bats batting - Pitching for Topeka Tornados : LHP Jorge Ybarra
|
Batting: LHB Alex Henderson
|
0-0: Called Strike 0-1: Ball 1-1: SINGLE (Line Drive, 89M)
|
Batting: RHB John Denton
|
0-0: Foul Ball, location: 2F 0-1: Called Strike 0-2: Grounds into double play, 6-4-3 (Groundball, 6)
|
Batting: LHB Jeff Forsyth
|
0-0: Called Strike 0-1: Foul Ball, location: 2F 0-2: Ball 1-2: Strikes out swinging
|
Bottom of the 5th over - 0 run(s), 1 hit(s), 0 error(s), 0 left on base; Topeka 8 - Louisville 3 |
TOP OF THE 6TH |
Topeka Tornados batting - Pitching for Louisville Bats : LHP Dave Carbone
|
Batting: SHB Javier Peña
|
0-0: Ball 1-0: Ball 2-0: Called Strike 2-1: Foul Ball, location: 2F 2-2: Ball 3-2: Foul Ball, location: 2F 3-2: Strikes out looking
|
Batting: LHB Edward Rose
|
0-0: Ground out 4-3 (Groundball, 34)
|
Batting: RHB Desi Thompson
|
0-0: Ball 1-0: Foul Ball, location: 2F 1-1: SINGLE (Line Drive, 8LS)
|
Batting: RHB Ed Watkins
|
0-0: Ball Wild Pitch! Desi Thompson to second Error on foul ball, E3 1-1: Called Strike 1-2: Foul Ball, location: 2F 1-2: Strikes out swinging
|
Top of the 6th over - 0 run(s), 1 hit(s), 1 error(s), 1 left on base; Topeka 8 - Louisville 3 |
BOTTOM OF THE 6TH |
Louisville Bats batting - Pitching for Topeka Tornados : LHP Jorge Ybarra
|
Batting: RHB Shawn Marshall
|
0-0: Swinging Strike 0-1: Ball 1-1: Ball 2-1: SINGLE (Groundball, 6MD)
|
Batting: LHB George Smith
|
0-0: Called Strike Shawn Marshall steals 2nd base 0-1: Ball 1-1: Ball 2-1: Ball 3-1: Base on Balls
|
Batting: RHB Dick Slagboom
|
0-0: Ball 1-0: Ball 2-0: Called Strike 2-1: Foul Ball, location: 2F 2-2: Foul Ball, location: 2F 2-2: Ball 3-2: SINGLE (Groundball, 56D) Shawn Marshall to third George Smith to second Shawn Marshall scores George Smith to third
|
Batting: RHB Eric Thompson
|
0-0: Ball 1-0: Ball 2-0: Ball 3-0: Called Strike 3-1: Base on Balls Dick Slagboom to second
|
Batting: LHB Mike Callahan
|
0-0: Foul Ball, location: 2F 0-1: Fly out, F3 (Line Drive, 3S)
|
Batting: RHB Enrico Ramos
|
0-0: Foul Ball, location: 2F 0-1: Ball 1-1: GRAND SLAM HOME RUN (Flyball, 9D), Distance : 373 ft
|
Pitching: RHP Juan Vázquez
|
|
Batting: LHB Alex Henderson
|
0-0: Ball 1-0: Called Strike 1-1: Called Strike 1-2: Foul Ball, location: 2F 1-2: Ball 2-2: Strikes out looking
|
Batting: RHB John Denton
|
0-0: Ground out 6-3 (Groundball, 56)
|
Bottom of the 6th over - 5 run(s), 3 hit(s), 0 error(s), 0 left on base; Topeka 8 - Louisville 8 |
TOP OF THE 7TH |
Topeka Tornados batting - Pitching for Louisville Bats : LHP Dave Carbone
|
Batting: LHB Bill Frazier
|
0-0: Ball 1-0: Swinging Strike 1-1: Foul Ball, location: 2F 1-2: Strikes out looking
|
Batting: RHB Dave Henderson
|
0-0: Ball 1-0: Ball 2-0: TRIPLE (Line Drive, 3L)
|
Batting: RHB James Stevens
|
0-0: Intentional Walk
|
Batting: LHB Tom Robinson
|
0-0: Ground out 3-1 (Groundball, 34S) James Stevens to second
|
Pinch Hitting: RHB Bob Hall
|
0-0: Ball 1-0: Ball 2-0: Fly out, F9 (Line Drive, 9S)
|
Top of the 7th over - 0 run(s), 1 hit(s), 0 error(s), 2 left on base; Topeka 8 - Louisville 8 |
BOTTOM OF THE 7TH |
Louisville Bats batting - Pitching for Topeka Tornados : RHP Juan Vázquez
|
Now in CF: Santiago Morales
|
|
Batting: LHB Jeff Forsyth
|
0-0: Called Strike 0-1: Called Strike 0-2: SOLO HOME RUN (Flyball, 9LD), Distance : 438 ft
|
Batting: RHB Shawn Marshall
|
0-0: Ball 1-0: Foul Ball, location: 2F 1-1: Foul Ball, location: 2F 1-2: Foul Ball, location: 2F 1-2: Foul Ball, location: 2F 1-2: Ball 2-2: Ground out 3-1 (Groundball, 34)
|
Batting: LHB George Smith
|
0-0: SINGLE (Groundball, 4MD)
|
Batting: RHB Dick Slagboom
|
0-0: Called Strike 0-1: Ball 1-1: Ball 2-1: Swinging Strike 2-2: Strikes out swinging
|
Batting: RHB Eric Thompson
|
0-0: Ball 1-0: SINGLE (Line Drive, 56D) George Smith to second
|
Batting: LHB Mike Callahan
|
0-0: Ball 1-0: Called Strike 1-1: Foul Ball, location: 2F 1-2: Ball 2-2: Strikes out swinging
|
Bottom of the 7th over - 1 run(s), 3 hit(s), 0 error(s), 2 left on base; Topeka 8 - Louisville 9 |
TOP OF THE 8TH |
Topeka Tornados batting - Pitching for Louisville Bats : LHP Dave Carbone
|
Pitching: LHP Denny Welch
|
|
Batting: SHB Javier Peña
|
0-0: Called Strike 0-1: Called Strike 0-2: Strikes out swinging
|
Batting: LHB Edward Rose
|
0-0: Foul Ball, location: 2F 0-1: Foul Ball, location: 2F 0-2: Strikes out swinging
|
Pitching: RHP Manny Canseco
|
|
Batting: RHB Desi Thompson
|
0-0: Ball 1-0: Ball 2-0: Foul Ball, location: 2F 2-1: Ground out 5-3 (Groundball, 5)
|
Top of the 8th over - 0 run(s), 0 hit(s), 0 error(s), 0 left on base; Topeka 8 - Louisville 9 |
BOTTOM OF THE 8TH |
Louisville Bats batting - Pitching for Topeka Tornados : RHP Juan Vázquez
|
Batting: RHB Enrico Ramos
|
0-0: Ground out 5-3 (Groundball, 56S)
|
Batting: LHB Alex Henderson
|
0-0: Ball 1-0: Called Strike 1-1: Reached on error, E9 (Flyball, 9)
|
Batting: RHB John Denton
|
0-0: Called Strike Alex Henderson steals 2nd base 0-1: Ball 1-1: 2-RUN HOME RUN (Line Drive, 89XD), Distance : 412 ft
|
Pitching: RHP Luis Pérez
|
|
Batting: LHB Jeff Forsyth
|
0-0: Ground out 6-3 (Groundball, 6)
|
Batting: RHB Shawn Marshall
|
0-0: Foul Ball, location: 2F 0-1: Ball 1-1: Foul Ball, location: 2F 1-2: Foul Ball, location: 2F 1-2: Foul Ball, location: 2F 1-2: Ball 2-2: Foul Ball, location: 2F 2-2: Ball 3-2: Fly out, F8 (Line Drive, 8LD)
|
Bottom of the 8th over - 2 run(s), 1 hit(s), 1 error(s), 0 left on base; Topeka 8 - Louisville 11 |
TOP OF THE 9TH |
Topeka Tornados batting - Pitching for Louisville Bats : RHP Manny Canseco
|
Pitching: RHP John Thompson
|
|
Batting: RHB Ed Watkins
|
0-0: DOUBLE (Flyball, 78XD)
|
Batting: LHB Bill Frazier
|
0-0: Ball 1-0: 2-RUN HOME RUN (Flyball, 7D), Distance : 386 ft
|
Pitching: LHP Carlos Menéndez
|
|
Batting: RHB Dave Henderson
|
0-0: Called Strike 0-1: Ball 1-1: Ball 2-1: Fly out, F9 (Flyball, 9S)
|
Batting: RHB James Stevens
|
0-0: Ball 1-0: Ball 2-0: Foul Ball, location: 2F 2-1: Fly out, F9 (Flyball, 89S)
|
Batting: LHB Tom Robinson
|
0-0: Ball 1-0: Ball 2-0: Foul Ball, location: 2F 2-1: Ball 3-1: Swinging Strike 3-2: Foul Ball, location: 2F 3-2: Strikes out swinging
|
Top of the 9th over - 2 run(s), 2 hit(s), 0 error(s), 0 left on base; Topeka 10 - Louisville 11 |
|